 Dungeon Crawl Stone Soup version 0.21.1 (webtiles) character file.

807 Larett the Covert (level 7, -6/45 HPs)
             Began as an Octopode Assassin on Feb 3, 2018.
             Killed from afar by a white imp (19 damage)
             ... with a puff of frost
             ... summoned by Eustachio
             ... on level 4 of the Dungeon.
             The game lasted 00:09:04 (3308 turns).

Larett the Covert (Octopode Assassin)               Turns: 3308, Time: 00:09:05

Health: -6/45      AC:  1    Str: 10    XL:     7   Next: 92%
Magic:  7/7        EV: 16    Int: 13    God:
Gold:   224        SH:  0    Dex: 16    Spells: 6/6 levels left

rFire    + . .     SeeInvis .   a - +4 quarterstaff (chaos)
rCold    x . .     Gourm    .   (shield currently unavailable)
rNeg     . . .     Faith    .   (helmet restricted)
rPois    .         Spirit   .   (no amulet)
rElec    .         Reflect  .   W - ring of fire
rCorr    .         Harm     .   (no ring)
MR       .....                  (no ring)
Stlth    +++++.....             (no ring)
HPRegen  0.15/turn              (no ring)
MPRegen  0.10/turn              (no ring)
                                (no ring)
                                (no ring)

@: no status effects
A: almost no armour, stealthy swim, amphibious, 8 rings, constrict 8, camouflage
1, gelatinous body 1
a: no special abilities


You were on level 4 of the Dungeon.
You were hungry.

You visited 1 branch of the dungeon, and saw 4 of its levels.
You also visited: Sewer.

You collected 224 gold pieces.

Inventory:

Hand Weapons
 a - a +4 quarterstaff of chaos (weapon)
 q - a +0 blowgun
 F - a +3 dagger
Missiles
 c - 22 poisoned needles
 d - 2 curare-tipped needles
 r - 137 stones (quivered)
 u - 21 bolts
 E - 5 javelins
 Z - 5 sling bullets
Jewellery
 W - a ring of fire (left tentacle)
Scrolls
 S - a scroll of random uselessness {unknown}
 V - a scroll of fog {unknown}
 X - 3 scrolls of remove curse
Potions
 v - 2 potions of lignification {!q}
 A - a potion of invisibility
 B - a potion of berserk rage
 C - a potion of flight
 Q - a potion of curing
 T - a potion of brilliance {unknown}
 U - a potion of heal wounds {unknown}
Comestibles
 f - 5 rations


   Skills:
 - Level 2.0 Fighting
 + Level 5.6 Short Blades
 - Level 2.0 Throwing
 + Level 5.2 Dodging
 - Level 8.0 Stealth


You had 6 spell levels left.
You didn't know any spells.

Dungeon Overview and Level Annotations

Branches:
Dungeon (4/15)
 Temple: D:4-7

Altars:
Elyvilon
Qazlal
Ru
Trog
Xom

Annotations:
D:4 Eustachio


Innate Abilities, Weirdness & Mutations

You cannot wear most types of armour.
You are very stealthy in the water. (Stealth+)
You are amphibious.
You can wear up to eight rings at the same time.
You can use your tentacles to constrict eight enemies at once.
Your skin changes colour to match your surroundings (Stealth+).
Your rubbery body absorbs attacks. (AC +1, EV +1)


Message History

* * * LOW HITPOINT WARNING * * *
You hear some strange, mumbled words.
You hear some strange, mumbled words.
Found 8 gold pieces.
You hit the iron imp. Your grab misses the iron imp. You squeeze the iron imp!
The iron imp is severely wounded.
The quasit disappears in a puff of smoke!
The white imp shouts, "Run away, thou foppish shard-borne gudgeon!"
The iron imp barely misses you.
You hit the iron imp but do no damage. Your grab misses the iron imp.
The iron imp is severely wounded.
The white imp hits you.
* * * LOW HITPOINT WARNING * * *
The white imp freezes you.
You feel a terrible chill!
* * * LOW HITPOINT WARNING * * *
The iron imp misses you.
You feel better. The white imp gestures at you. The puff of frost hits you!
You feel a terrible chill!
You die...

........ ..#.# # #.#
###.#...###.#.# . ...
...........#.#. #$#..
###.#........... #.#..
#............... ....
#.#.........#### #..
#.............
#..####.#....#...###
#..@5........#......
#..#5.>......#.#..##
#..#.#######........
#..... ........##
....... ..........<
....>.... ...........
....###############.##
..... #... #..#


You could see an iron imp and a white imp.

Vanquished Creatures
  Sigmund (D:4)
  6 big kobolds (Sewer)
  Crazy Yiuf (D:2)
  Jessica (D:2)
  7 adders
  6 oozes (Sewer)
  6 worms
  3 dart slugs
  2 leopard geckos (D:2)
  A ball python (Sewer)
  2 giant cockroaches (D:2)
  11 goblins
  6 hobgoblins
  6 jackals (D:2)
  2 quokkas
  6 bats
  5 frilled lizards
  11 kobolds
  12 rats
  2 fungi (D:1)
97 creatures vanquished.

Notes
Turn   | Place    | Note
-------+----------+-------------------------------------------
     0 | D:1      | Larett the Octopode Assassin began the quest for the Orb.
     0 | D:1      | Reached XP level 1. HP: 14/14 MP: 1/1
   203 | D:1      | Reached skill level 6 in Stealth
   203 | D:1      | Reached XP level 2. HP: 19/19 MP: 2/2
   494 | D:1      | You fall through a shaft!
   509 | D:2      | Reached XP level 3. HP: 24/24 MP: 3/3
   527 | D:2      | Noticed Jessica
   554 | D:2      | Killed Jessica
   554 | D:2      | Reached skill level 7 in Stealth
   609 | D:2      | Reached XP level 4. HP: 19/29 MP: 4/4
   773 | D:2      | Found a sacrificial altar of Ru.
   782 | D:2      | Found a bloodstained altar of Trog.
   798 | D:2      | Found a white marble altar of Elyvilon.
   805 | D:2      | Found a stormy altar of Qazlal.
  1177 | D:2      | Reached skill level 8 in Stealth
  1659 | D:2      | Found a runed door.
  1663 | D:2      | Noticed Crazy Yiuf
  1669 | D:2      | Killed Crazy Yiuf
  1669 | D:2      | Reached XP level 5. HP: 24/34 MP: 5/5
  1837 | D:3      | Found a glowing drain.
  1853 | Sewer    | Entered a sewer
  1872 | Sewer    | Noticed a big kobold
  1882 | Sewer    | Killed a big kobold
  1882 | Sewer    | Reached skill level 3 in Short Blades
  1882 | Sewer    | Reached XP level 6. HP: 31/39 MP: 6/6
  1898 | Sewer    | Reached skill level 3 in Dodging
  2426 | Sewer    | Reached XP level 7. HP: 45/45 MP: 7/7
  2728 | D:3      | Found a shimmering altar of Xom.
  3186 | D:4      | Noticed Sigmund
  3195 | D:4      | Killed Sigmund
  3293 | D:4      | Noticed Eustachio
  3307 | D:4      | HP: 2/45 [white imp[Eustachio] (6)]
  3308 | D:4      | Killed from afar by a white imp

Skill      XL: |  1  2  3  4  5  6  7 |
---------------+----------------------+-----
Stealth        | 6 7 8 |  8.0
Dodging        | 2 4 5 |  5.2
Short Blades   | 3 4 5 |  5.6
Fighting       | |  2.0
Throwing       | |  2.0

Action                   |  1- 3 |  4- 6 |  7- 9 || total
-------------------------+-------+-------+-------++-------
Melee: Dagger            |    63 |    52 |       ||   115
       Constrict         |    11 |    22 |     6 ||    39
       Tentacles         |     7 |    12 |     5 ||    24
       Quarterstaff      |       |    50 |    42 ||    92
  Use: Scroll            |     2 |     7 |     4 ||    13
       Potion            |       |       |     1 ||     1
 Stab: Sleeping          |    11 |    23 |     6 ||    40
       Distracted        |       |     2 |       ||     2
       Paralysed         |       |     2 |       ||     2
  Eat: Chunk             |       |     5 |     2 ||     7
Armor: Skin              |     3 |     2 |       ||     5
Dodge: Dodged            |    21 |    54 |    22 ||    97
